 Dungeon Crawl Stone Soup version 0.31.0-11-ge490571c62 (webtiles) character file.

Game seed: 17702953769868884333

48148 Ashen the Covert (level 14, -14/108 HPs)
             Began as a Gnoll Enchanter on Feb 6, 2024.
             Was a Priest of Uskayaw.
             Demolished by a torpor snail (51 damage)
             ... on level 5 of the Lair of Beasts.
             The game lasted 01:11:55 (18956 turns).

Ashen the Covert (Gnoll Enchanter)                 Turns: 18956, Time: 01:11:55

Health: -14/108    AC: 11    Str: 11    XL:     14   Next: 45%
Magic:  10/28      EV:  2    Int: 20    God:    Uskayaw [***...]
Gold:   514        SH:  0    Dex: 26    Spells: 9/34 levels left

rFire   + . .        K - +7 rapier of Huapisig {elec, Str+3 Int+4 Dex+4}
rCold   . . .        z - +0 buckler
rNeg    . . .        a - +3 troll leather armour
rPois   .            k - +0 helmet
rElec   .            U - +0 cloak
rCorr   .            (no gloves)
SInv    .            Q - +0 pair of boots
Will    +....        X - amulet of the acrobat
Stlth   +++++        l - ring of protection from fire
HPRegen 1.18/turn    I - +6 ring of dexterity
MPRegen 0.21/turn

%: acrobat
@: about to teleport, sleeping, marked, slowed
A: fangs 1, strong nose, distributed training
a: Renounce Religion, Stomp, Line Pass


You were on level 5 of the Lair of Beasts.
You worshipped Uskayaw.
Uskayaw was aware of your devotion.
You visited 3 branches of the dungeon, and saw 17 of its levels.
You also visited: Volcano.

You collected 1225 gold pieces.
You spent 711 gold pieces at shops.

Inventory:

Hand Weapons
 s - a +1 hand cannon of flaming
 v - a +1 great sword of flaming
 K - the +7 rapier of Huapisig (weapon) {elec, Str+3 Int+4 Dex+4}
   (You found it on level 1 of the Lair of Beasts)

   Str+3:     It affects your strength (+3).
   Int+4:     It affects your intelligence (+4).
   Dex+4:     It affects your dexterity (+4).
 S - a +4 trident of draining
 W - a +2 dagger of venom
Missiles
 D - 5 throwing nets
 R - 2 poisoned darts (quivered)
Armour
 a - a +3 troll leather armour (worn)
 k - a +0 helmet (worn)
 z - a +0 buckler (worn)
 Q - a +0 pair of boots (worn)
 U - a +0 cloak (worn)
Jewellery
 l - a ring of protection from fire (left hand)
 I - a +6 ring of dexterity (right hand)
 N - a ring of see invisible
 X - an amulet of the acrobat (around neck)
Wands
 i - a wand of flame (23)
 x - a wand of acid (8)
 E - a wand of roots (22)
 L - a wand of charming (15)
 M - a wand of digging (6)
 O - a wand of mindburst (17)
Scrolls
 e - 3 scrolls of noise
 f - 2 scrolls of acquirement {unknown}
 h - 3 scrolls of summoning
 n - 3 scrolls of blinking
 o - 3 scrolls of fog
 q - 5 scrolls of fear
 r - 2 scrolls of teleportation
 t - 2 scrolls of brand weapon {unknown}
 u - 2 scrolls of amnesia {unknown}
 w - 3 scrolls of revelation {unknown}
 y - 4 scrolls of immolation
 C - 3 scrolls of enchant weapon {unknown}
 G - 2 scrolls of poison {unknown}
 H - a scroll of silence {unknown}
Potions
 b - 4 potions of haste
 c - 3 potions of invisibility
 d - 3 potions of magic
 g - 4 potions of heal wounds
 j - 3 potions of curing
 m - 3 potions of lignification
 p - 2 potions of enlightenment
 A - 3 potions of cancellation
 B - a potion of berserk rage
 F - a potion of attraction
 J - 2 potions of brilliance
 P - 2 potions of ambrosia
 T - 3 potions of might
 V - 2 potions of resistance


   Skills:
 + Level 9.6 Fighting
 + Level 9.9 Short Blades
 + Level 9.6 Long Blades
 + Level 9.6 Axes
 + Level 9.6 Maces & Flails
 + Level 9.6 Polearms
 + Level 9.6 Staves
 + Level 9.6 Ranged Weapons
 + Level 9.6 Throwing
 + Level 9.6 Armour
 + Level 10.6 Dodging
 + Level 11.3 Stealth
 + Level 9.6 Shields
 + Level 9.6 Unarmed Combat
 + Level 10.8 Spellcasting
 + Level 8.0 Conjurations
 + Level 9.7 Hexes
 + Level 8.0 Summonings
 + Level 8.0 Necromancy
 + Level 8.0 Translocations
 + Level 8.0 Fire Magic
 + Level 8.0 Ice Magic
 + Level 8.0 Air Magic
 + Level 8.0 Earth Magic
 + Level 8.0 Alchemy
 + Level 10.4 Invocations
 + Level 9.6 Evocations
 + Level 8.7 Shapeshifting


You had 9 spell levels left.
You knew the following spells:

 Your Spells              Type           Power      Damage    Failure   Level
a - Ensorcelled Hibernat  Hex/Ice        92%        N/A       1%          2
b - Confusing Touch       Hex            50%        N/A       1%          3
c - Tukima's Dance        Hex            50%        N/A       1%          3
d - Dazzling Flash        Conj/Hex       92%        N/A       1%          3
e - Petrify               Alch/Erth      42%        N/A       3%          4
f - Summon Mana Viper     Hex/Summ       46%        N/A       8%          5
g - Mephitic Cloud        Conj/Alch/Air  42%        N/A       1%          3
h - Blink                 Tloc           84%        N/A       1%          2

Your spell library contained the following spells:

 Spells                   Type           Power      Damage    Failure   Level
 Apportation              Tloc           84%        N/A       1%          1
 Freeze                   Ice            100%       1d10      1%          1
 Magic Dart               Conj           100%       1d8       1%          1
 Necrotise                Necr           100%       1d9       1%          1
 Sting                    Conj/Alch      100%       1d9       1%          1
 Summon Small Mammal      Summ           100%       N/A       1%          1
 Call Imp                 Summ           84%        N/A       1%          2
 Cigotuvi's Dreadful Rot  Necr/Alch/Air  84%        N/A       1%          2
 Mercury Vapours          Alch/Air       84%        N/A       1%          2
 Sublimation of Blood     Necr           42%        N/A       1%          2
 Frozen Ramparts          Ice            84%        1d13      1%          3
 Fugue of the Fallen      Necr           42%        N/A       1%          3
 Hailstorm                Conj/Ice       42%        3d9       1%          3
 Ozocubu's Armour         Ice            42%        N/A       1%          3
 Sigil of Binding         Hex            50%        N/A       1%          3
 Teleport Other           Tloc           42%        N/A       1%          3
 Volatile Blastmotes      Fire/Tloc      84%        2d17      1%          3
 Dimensional Bullseye     Hex/Tloc       23%        N/A       2%          4
 Fulminant Prism          Conj/Alch      21%        3d12      3%          4
 Ignite Poison            Fire/Alch      42%        N/A       3%          4
 Iskenderun's Mystic Bla  Conj/Tloc      42%        2d10      3%          4
 Leda's Liquefaction      Alch/Erth      21%        N/A       3%          4
 Manifold Assault         Tloc           42%        N/A       3%          4
 Olgreb's Toxic Radiance  Alch           42%        N/A       3%          4
 Alistair's Intoxication  Alch           28%        N/A       11%         5
 Borgnjor's Vile Clutch   Necr/Erth      21%        N/A       11%         5
 Freezing Cloud           Conj/Ice/Air   21%        6-21      11%         5
 Irradiate                Conj/Alch      21%        3d18      11%         5
 Eringya's Noxious Bog    Alch           21%        4d6       52%         6
 Malign Gateway           Summ/Tloc      21%        N/A       97%         7


Dungeon Overview and Level Annotations

Branches:
Dungeon (11/15)            Temple (1/1) D:5            Lair (5/5) D:11
 Shoals (0/4) Lair:3        Snake (0/4) Lair:2        Slime (0/5) Lair:4
    Orc (0/2) D:11        Volcano (visited)

Altars:
Ashenzari
Cheibriados
Dithmenos
Elyvilon
Fedhas
Gozag
Hepliaklqana
Kikubaaqudgha
Makhleb
Nemelex Xobeh
Okawaru
Qazlal
Ru
Sif Muna
Trog
Uskayaw
Vehumet
Wu Jian
Xom
Zin
The Shining One
Jiyva

Shops:
D:5 *   D:8 *   D:10 :

Annotations:
D:4 4 runed translucent doors, Crazy Yiuf; KineticRobot's ghost, amateur HOFi
D:10 1 runed translucent door, Ashen's ghost, journeyman GnEn


Innate Abilities, Weirdness & Mutations

You have very sharp teeth.
Your uncanny sense of smell can sniff out nearby items.
Your experience applies equally to all skills.


Message History

The rime drake is engulfed in calcifying dust.
The rime drake is moving more slowly.
The rime drake breathes ice at you. The icy flash freeze misses you.
You feel ready to blink again.
A lindwurm comes into view.
The rime drake is engulfed in calcifying dust.
The rime drake stops moving altogether!
The catoblepas breathes a plume of calcifying dust at you.
The blast of calcifying dust hits you.
A seven-headed hydra comes into view.
The rime drake is engulfed in calcifying dust. x2
The helpless rime drake fails to defend itself.
You stick the rime drake like a pincushion!!!!
You kill the rime drake!
A manticore comes into view.
The catoblepas barely misses you.
Uskayaw will force your foes to helplessly watch your dance.
As you read the scroll of teleportation, it crumbles to dust.
You feel strangely unstable.
The dream sheep is no longer petrified.
The torpor snail is no longer petrified.
The death yak is engulfed in calcifying dust.
The death yak is moving more slowly.
The death yak gores you!! The catoblepas misses you.
The death yak is engulfed in calcifying dust.
The death yak stops moving altogether!
The catoblepas gores you but does no damage.
Okay, then.
Unknown command.
The helpless death yak fails to defend itself.
You spit the death yak like a pig!!!!
The death yak is severely wounded.
The death yak is engulfed in calcifying dust.
The lindwurm barely misses you.
The lindwurm claws you but does no damage.
You block the lindwurm's attack. The catoblepas barely misses you.
The dream sheep shake their wool and sparkle.
You feel drowsy...
You fall asleep.
The torpor snail bites you!!!
You die...

..#.......#
#.P........
..........#
##.........
#......#
#...#.....P
#.#.#..##
#.........
.H.#...#
#.#.......≈
#(.wk#H.P#
#......~≈
#####...#.D.#
#P....~~≈
##...#####kY##
##...~≈≈≈
##....#...YY@#
#....~≈≈≈
#.#......Y†w.#
####....~~≈≈
#....#.....#.#
#.#.#..P..~~
#......#....##
#.##........
##..###.#P.###
##....P#....
#.....†.####
#.....P.....
#...#†..#######
##.........#
#...#...#....P#
#.#.........
##..#####.....#
###..........


You could see a death yak (petrified), a catoblepas, a seven-headed hydra, a
torpor snail, a manticore, a lindwurm and 2 dream sheep.

Vanquished Creatures
  Rupert (Lair:3)
  Kirke (Lair:3)
  A stone giant (Volcano)
  Harold (D:9)
  A hydra (Lair:5)
  A boulder beetle (Lair:5)
  3 two-headed ogres
  2 death yaks (Lair:5)
  A skyshark (Lair:2)
  2 lindwurms
  A necromancer (Lair:3)
  An ugly thing (D:11)
  Maurice (D:8)
  A manticore (Lair:5)
  8 black mambas
  12 elephants
  2 torpor snails
  12 cane toads
  6 rime drakes
  2 gargoyles (Volcano)
  Jeremiah (D:9)
  An efreet (Volcano)
  3 komodo dragons
  2 trolls
  A merfolk (Lair:3)
  3 polar bears
  3 hornets
  12 blink frogs
  9 dream sheep
  A wraith (D:9)
  A shadow (D:11)
  24 yaks
  5 basilisks
  2 vampires (D:9)
  8 wyverns
  2 fire elementals (Volcano)
  7 hogs
  3 steam dragons
  31 water moccasins
  A sky beast (D:7)
  4 black bears
  8 orc warriors
  2 ogres
  2 centaurs (D:8)
  21 wolves
  2 phantoms
  4 kobold brigands
  16 bullfrogs
  An earth elemental (Volcano)
  A scorpion (Lair:3)
  5 wights (D:7)
  9 killer bees
  3 electric eels
  3 howler monkeys
  A bullfrog zombie (D:4)
  6 jellies
  A bombardier beetle (D:4)
  A gnoll bouda (D:7)
  8 orc priests
  6 hounds
  2 iguanas (D:11)
  16 orc wizards
  6 hell rats (Lair:4)
  Terence (D:3)
  4 polar bear simulacra (Lair:3)
  2 yak simulacra (Lair:3)
  3 wolf simulacra (Lair:3)
  3 gnolls (D:7)
  4 adders
  A shadow imp (D:7)
  4 white imps
  3 ribbon worms
  2 dart slugs
  28 orcs
  5 ball pythons
  4 bats
  7 endoplasms
  3 giant cockroaches
  10 goblins
  9 hobgoblins
  7 jackals
  3 quokkas
  2 frilled lizards (D:2)
  20 kobolds
  22 rats
  2 river rat simulacra (Lair:3)
  A butterfly (Lair:2)
458 creatures vanquished.

Vanquished Creatures (others)
  A blink frog (Lair:5)
  An orc (D:9)
2 creatures vanquished.

Grand Total: 460 creatures vanquished

Notes
Turn   | Place    | Note
-------+----------+-------------------------------------------
     0 | D:1      | Ashen the Gnoll Enchanter began the quest for the Orb.
     0 | D:1      | Reached XP level 1. HP: 13/13 MP: 6/6
    56 | D:1      | Reached XP level 2. HP: 19/19 MP: 7/7
    65 | D:1      | Learned a level 2 spell: Ensorcelled Hibernation
   319 | D:1      | Reached skill level 5 in Spellcasting
   319 | D:1      | Reached XP level 3. HP: 25/25 MP: 7/9
   355 | D:1      | Got the Almanac of the Hornet and Guile
   391 | D:1      | Reached skill level 6 in Stealth
   544 | D:1      | Reached skill level 1 in Invocations
   741 | D:2      | Reached skill level 1 in Fighting
   741 | D:2      | Reached skill level 1 in Long Blades
   741 | D:2      | Reached skill level 1 in Axes
   741 | D:2      | Reached skill level 1 in Maces & Flails
   741 | D:2      | Reached skill level 1 in Polearms
   741 | D:2      | Reached skill level 1 in Staves
   741 | D:2      | Reached skill level 1 in Ranged Weapons
   741 | D:2      | Reached skill level 1 in Throwing
   741 | D:2      | Reached skill level 1 in Armour
   741 | D:2      | Reached skill level 1 in Shields
   741 | D:2      | Reached skill level 1 in Unarmed Combat
   741 | D:2      | Reached skill level 1 in Evocations
   872 | D:2      | Reached skill level 1 in Shapeshifting
   872 | D:2      | Reached XP level 4. HP: 24/32 MP: 8/11
  1324 | D:2      | Reached skill level 1 in Conjurations
  1324 | D:2      | Reached skill level 1 in Summonings
  1324 | D:2      | Reached skill level 1 in Necromancy
  1324 | D:2      | Reached skill level 1 in Translocations
  1324 | D:2      | Reached skill level 1 in Fire Magic
  1324 | D:2      | Reached skill level 1 in Ice Magic
  1324 | D:2      | Reached skill level 1 in Air Magic
  1324 | D:2      | Reached skill level 1 in Earth Magic
  1324 | D:2      | Reached skill level 1 in Alchemy
  1469 | D:2      | Found an iron altar of Okawaru.
  1647 | D:2      | Learned a level 3 spell: Confusing Touch
  1651 | D:2      | Learned a level 3 spell: Tukima's Dance
  1655 | D:2      | Learned a level 3 spell: Dazzling Flash
  2207 | D:3      | Noticed Terence
  2214 | D:3      | Killed Terence
  2215 | D:3      | Reached XP level 5. HP: 37/37 MP: 9/12
  2459 | D:4      | Noticed an ogre
  2461 | D:4      | Killed an ogre
  2580 | D:4      | Reached XP level 6. HP: 44/44 MP: 14/14
  2605 | D:4      | Reached skill level 5 in Dodging
  2693 | D:4      | Found a runed translucent door.
  2694 | D:4      | Noticed Crazy Yiuf
  2863 | D:4      | Found a runed translucent gate.
  2866 | D:4      | Noticed KineticRobot's ghost (amateur HOFi)
  2869 | D:4      | Found a runed translucent gate.
  2869 | D:4      | Found a runed translucent gate.
  2920 | D:4      | Found a sacrificial altar of Ru.
  2925 | D:4      | Found a stormy altar of Qazlal.
  2942 | D:5      | Entered Level 5 of the Dungeon
  2943 | D:5      | Noticed a water moccasin
  3147 | D:5      | Reached XP level 7. HP: 47/50 MP: 8/15
  3162 | D:5      | Found a bloodstained altar of Trog.
  3530 | D:5      | Found Tofiq's General Store.
  3598 | D:5      | Bought a potion of invisibility for 80 gold pieces
  3598 | D:5      | Bought a scroll of immolation for 40 gold pieces
  3598 | D:5      | Bought a potion of heal wounds for 50 gold pieces
  3598 | D:5      | Bought a potion of degeneration for 10 gold pieces
  3815 | D:5      | Found a staircase to the Ecumenical Temple.
  3826 | Temple   | Entered the Ecumenical Temple
  3834 | Temple   | Became a worshipper of Uskayaw the Reveller
  4008 | D:5      | Reached * piety under Uskayaw
  4011 | D:5      | Reached ** piety under Uskayaw
  4132 | D:4      | Found an ornate altar of the Wu Jian Council.
  4132 | D:4      | Found a broken altar of Ashenzari.
  4197 | D:6      | Reached XP level 8. HP: 58/58 MP: 12/16
  4198 | D:6      | Reached *** piety under Uskayaw
  4699 | D:6      | Noticed a hornet
  4704 | D:6      | Reached skill level 7 in Stealth
  4720 | D:6      | Killed a hornet
  5002 | D:7      | Reached XP level 9. HP: 65/65 MP: 14/18
  5281 | D:7      | Learned a level 4 spell: Petrify
  5287 | D:7      | Learned a level 5 spell: Summon Mana Viper
  5321 | D:7      | You fall into a shaft and drop 3 floors!
  5321 | D:10     | Entered Level 10 of the Dungeon
  5371 | D:9      | Reached skill level 5 in Short Blades
  5539 | D:8      | Noticed a hornet
  5540 | D:8      | Killed a hornet
  6299 | D:7      | Reached skill level 5 in Invocations
  7171 | D:8      | Found Imarchia's General Store.
  7192 | D:8      | Reached **** piety under Uskayaw
  7193 | D:8      | Reached skill level 5 in Fighting
  7193 | D:8      | Reached skill level 5 in Long Blades
  7193 | D:8      | Reached skill level 5 in Axes
  7193 | D:8      | Reached skill level 5 in Maces & Flails
  7193 | D:8      | Reached skill level 5 in Polearms
  7193 | D:8      | Reached skill level 5 in Staves
  7193 | D:8      | Reached skill level 5 in Ranged Weapons
  7193 | D:8      | Reached skill level 5 in Throwing
  7193 | D:8      | Reached skill level 5 in Armour
  7193 | D:8      | Reached skill level 5 in Shields
  7193 | D:8      | Reached skill level 5 in Unarmed Combat
  7193 | D:8      | Reached skill level 5 in Evocations
  7193 | D:8      | Reached XP level 10. HP: 33/74 MP: 14/20
  7325 | D:8      | Bought a potion of heal wounds for 80 gold pieces
  7325 | D:8      | Bought a potion of haste for 160 gold pieces
  7325 | D:8      | Bought a wand of mindburst (3) for 67 gold pieces
  7661 | D:9      | Reached skill level 8 in Stealth
  7843 | D:9      | Noticed a two-headed ogre
  7929 | D:9      | Noticed Maurice
  7935 | D:8      | Maurice stole a +4 ring of protection
  7944 | D:8      | Maurice stole a maw talisman
  7952 | D:8      | Killed Maurice
  8317 | D:9      | Learned a level 3 spell: Mephitic Cloud
  8325 | D:9      | Noticed Harold
  8347 | D:9      | Killed Harold
  8348 | D:9      | Reached skill level 5 in Shapeshifting
  8374 | D:9      | Noticed Jeremiah
  8377 | D:9      | Killed Jeremiah
  9383 | D:9      | Found a shimmering blue altar of Sif Muna.
  9383 | D:9      | Found a burning altar of Makhleb.
  9486 | D:10     | Found a runed translucent door.
  9533 | D:10     | Noticed a two-headed ogre
  9536 | D:10     | Killed a two-headed ogre
  9537 | D:10     | Reached skill level 5 in Conjurations
  9537 | D:10     | Reached skill level 5 in Summonings
  9537 | D:10     | Reached skill level 5 in Necromancy
  9537 | D:10     | Reached skill level 5 in Translocations
  9537 | D:10     | Reached skill level 5 in Fire Magic
  9537 | D:10     | Reached skill level 5 in Ice Magic
  9537 | D:10     | Reached skill level 5 in Air Magic
  9537 | D:10     | Reached skill level 5 in Earth Magic
  9537 | D:10     | Reached skill level 5 in Alchemy
  9537 | D:10     | Reached XP level 11. HP: 81/81 MP: 21/23
  9724 | D:10     | Noticed Ashen's ghost (journeyman GnEn)
  9742 | D:10     | Noticed a two-headed ogre
  9758 | D:10     | Killed a two-headed ogre
  9887 | D:10     | Found Ybiev's Book Boutique.
  9919 | D:10     | Bought a book of Minor Magic for 224 gold pieces
  9922 | D:10     | Learned a level 2 spell: Blink
 10381 | D:11     | Noticed a two-headed ogre
 10593 | D:11     | Killed a two-headed ogre
 10594 | D:11     | Reached skill level 9 in Stealth
 10702 | D:11     | Found a staircase to the Orcish Mines.
 10951 | D:11     | Found a staircase to the Lair.
 11128 | D:11     | Noticed a cyan ugly thing
 11135 | D:11     | Killed a cyan ugly thing
 11397 | Lair:1   | Entered Level 1 of the Lair of Beasts
 11435 | Lair:1   | Reached ***** piety under Uskayaw
 11547 | Lair:1   | Reached XP level 12. HP: 88/91 MP: 17/24
 11794 | Lair:1   | Identified the +7 rapier of Huapisig {elec, Str+3 Int+4
                  | Dex+4}
 12338 | Lair:2   | Noticed a skyshark
 12348 | Lair:2   | Killed a skyshark
 12981 | Lair:2   | Reached skill level 10 in Stealth
 13159 | Lair:2   | Got Buosovu's Incunable of Indurated Locality
 13239 | Lair:2   | Found a staircase to the Snake Pit.
 13721 | Lair:2   | Found a staircase to the Snake Pit.
 14560 | Lair:3   | Reached XP level 13. HP: 94/98 MP: 20/26
 15297 | Lair:3   | Found a staircase to the Shoals.
 15735 | Lair:3   | Reached skill level 10 in Spellcasting
 16022 | Lair:4   | Found a dark tunnel.
 16183 | Volcano  | Entered a volcano
 16283 | Volcano  | Noticed a stone giant
 16297 | Volcano  | Killed a stone giant
 16447 | Lair:4   | Found a viscous altar of Jiyva.
 16448 | Lair:4   | Found a staircase to the Slime Pits.
 16511 | Lair:4   | Noticed Rupert
 16530 | Lair:4   | Noticed Kirke
 16733 | Lair:3   | Reached skill level 10 in Dodging
 17257 | Lair:3   | Killed Kirke
 17314 | Lair:4   | Paralysed by Rupert for 3 turns
 17401 | Lair:3   | Killed Rupert
 17730 | Lair:5   | Entered Level 5 of the Lair of Beasts
 17981 | Lair:4   | Found a staircase to the Slime Pits.
 17988 | Lair:4   | Found a viscous altar of Jiyva.
 18282 | Lair:4   | Reached XP level 14. HP: 99/108 MP: 22/28
 18319 | Lair:4   | Reached skill level 10 in Invocations
 18329 | Lair:4   | Reached skill level 11 in Stealth
 18402 | Lair:5   | Reached ****** piety under Uskayaw
 18956 | Lair:5   | Demolished by a torpor snail

Illustrated notes

Levels and vault maps discovered:
D:1:      spicycebolla_arrival_risky_transporter, layout_loops_ring,
          amcnicky_mini_rare_corridor_liquid
D:2:      layout_loops_ring, basic_altar, nrook_uturn, minivault_14,
          minmay_rat_hole
D:3:      minmay_door_path, layout_basic, uniq_terence
D:4:      layout_loops_ring, nicolae_overflow_hidden_temple,
          nicolae_yredelemnul_corpse_copse, gammafunk_ghost_nasty_kobolds,
          uniq_crazy_yiuf_cottage
D:5:      layout_basic, mainiacjoe_overflow_24_doors, temple_hall, serial_shops,
          nicolae_square_shop
D:6:      layout_rooms
D:7:      layout_layer_cave
D:8:      layout_loops_cross, serial_shops, nicolae_stop_n_shop_1,
          chequers_serial_rivers_micro_a, minivault_26,
          amcnicky_mini_pool_medium
D:9:      layout_irregular_city, gammafunk_temple_overflow_elements,
          grunt_potential, uniq_jeremiah, uniq_harold, uniq_maurice
D:10:     layout_roguey, ebering_ghost_reflecting_pool, serial_shops, shop,
          solitary_fountain
D:11:     layout_basic, minmay_lair_entry_grove, david_orc_4
Temple:   eino_temple_lava
Lair:1:   layout_regular_city, pdpol_lair_neglected_garden
Lair:2:   beargit_carnivore_pack, layout_cave_pods,
          minmay_snake_entry_six_corridors, chequers_serial_rivers_marsh,
          wad_woods_06, wad_woods_road_03, bh_autumn_forest_stairs,
          lemuel_fruit_fields
Lair:3:   wad_woods_structure_01, layout_regular_city, elwin_shoals_entry_rooms,
          eino_house_with_fridge
Lair:4:   layout_hall_layers, nicolae_slime_entry_field_trip, enter_volcano_2,
          grunt_megastairs_4, uniq_kirke, uniq_rupert
Lair:5:   hangedman_lair_in_review, layout_misc_corridors, wormcave,
          st_stairs_10, infiniplex_staircase_pool

Skill      XL: |  1  2  3  4  5  6  7  8  9 10 11 12 13 14 |
---------------+-------------------------------------------+-----
Spellcasting   | 5 6 7 8 9 10 | 10.8
Stealth        | 6 7 8 9 10 11 | 11.3
Invocations    | 1 2 3 4 5 6 7 8 9 10 | 10.4
Fighting       | 1 2 3 4 5 6 7 8 9 |  9.6
Long Blades    | 1 2 3 4 5 6 7 8 9 |  9.6
Axes           | 1 2 3 4 5 6 7 8 9 |  9.6
Maces & Flails | 1 2 3 4 5 6 7 8 9 |  9.6
Polearms       | 1 2 3 4 5 6 7 8 9 |  9.6
Staves         | 1 2 3 4 5 6 7 8 9 |  9.6
Ranged Weapons | 1 2 3 4 5 6 7 8 9 |  9.6
Throwing       | 1 2 3 4 5 6 7 8 9 |  9.6
Armour         | 1 2 3 4 5 6 7 8 9 |  9.6
Shields        | 1 2 3 4 5 6 7 8 9 |  9.6
Unarmed Combat | 1 2 3 4 5 6 7 8 9 |  9.6
Evocations     | 1 2 3 4 5 6 7 8 9 |  9.6
Shapeshifting  | 1 2 3 4 5 6 7 8 |  8.7
Conjurations   | 1 2 3 4 5 6 7 8 |  8.0
Summonings     | 1 2 3 4 5 6 7 8 |  8.0
Necromancy     | 1 2 3 4 5 6 7 8 |  8.0
Translocations | 1 2 3 4 5 6 7 8 |  8.0
Fire Magic     | 1 2 3 4 5 6 7 8 |  8.0
Ice Magic      | 1 2 3 4 5 6 7 8 |  8.0
Air Magic      | 1 2 3 4 5 6 7 8 |  8.0
Earth Magic    | 1 2 3 4 5 6 7 8 |  8.0
Alchemy        | 1 2 3 4 5 6 7 8 |  8.0
Short Blades   | 3 4 5 6 7 8 9 |  9.9
Dodging        | 5 6 7 8 9 10 | 10.6
Hexes          | 6 7 8 9 |  9.7

Action                     |  1- 3 |  4- 6 |  7- 9 | 10-12 | 13-15 || total
---------------------------+-------+-------+-------+-------+-------++-------
  Melee: Dagger            |   100 |   143 |   203 |   358 |       ||   804
         Bite              |    11 |     8 |    23 |    50 |    56 ||   148
         Rapier            |       |       |       |   108 |   351 ||   459
         Unarmed           |       |       |       |       |    20 ||    20
   Fire: Hand cannon       |       |       |       |       |     4 ||     4
   Cast: Ensorcelled Hiber |     2 |    25 |    43 |    99 |    67 ||   236
         Confusing Touch   |       |     1 |    14 |     9 |     9 ||    33
         Dazzling Flash    |       |       |     7 |    34 |    41 ||    82
         Mephitic Cloud    |       |       |       |     5 |     6 ||    11
         Tukima's Dance    |       |       |       |     2 |     2 ||     4
         Petrify           |       |       |       |     5 |     1 ||     6
         Blink             |       |       |       |     1 |     7 ||     8
         Summon Mana Viper |       |       |       |       |     1 ||     1
 Invoke: Stomp             |       |       |       |     3 |       ||     3
  Evoke: Wand              |       |       |     1 |       |     3 ||     4
    Use: Potion            |       |       |     3 |     2 |     3 ||     8
         Scroll            |       |       |       |    18 |     5 ||    23
   Stab: Sleeping          |    12 |    27 |    39 |    64 |    68 ||   210
         Confused          |       |     1 |    13 |    11 |     7 ||    32
         Invisible         |       |       |     5 |    31 |    30 ||    66
         Paralysed         |       |       |     2 |    17 |    20 ||    39
         Distracted        |       |       |       |     8 |     2 ||    10
         Petrified         |       |       |       |       |     2 ||     2
 Armour: Robe              |    29 |    48 |    94 |       |       ||   171
         Steam dragon scal |       |       |    12 |   121 |       ||   133
         Troll leather arm |       |       |       |   119 |   150 ||   269
         Skin              |       |       |       |       |    23 ||    23
  Dodge: Dodged            |    58 |   102 |   118 |   333 |   364 ||   975
  Block: Buckler           |       |       |    43 |   151 |   115 ||   309
